 Dungeon Crawl Stone Soup version 0.31.0-11-ge490571c62 (webtiles) character file.

Game seed: 2697842021683801388

2885 Cheops the Conjurer (level 9, -5/58 (65) HPs)
             Began as a Demonspawn Hedge Wizard on Jan 30, 2024.
             Was a Follower of Sif Muna.
             Slain by a two-headed ogre
             ... wielding a +0 giant club
              (14 damage)
             ... on level 8 of the Dungeon on Feb 1, 2024.
             The game lasted 01:00:04 (12283 turns).

Cheops the Conjurer (Demonspawn Hedge Wizard)      Turns: 12283, Time: 01:00:05

HP:   -5/58 (65)    AC:  4    Str: 17    XL:     9   Next: 48%
MP:   9/18          EV: 12    Int: 22    God:    Sif Muna [*.....]
Gold: 151           SH:  0    Dex:  9    Spells: 0/20 levels left

rFire   . . .        a - staff of air
rCold   . . .        (no shield)
rNeg    . . .        q - +0 robe of Zofoutz {rElec Str+7 Int+3 Dex-4}
rPois   +            (helmet unavailable)
rElec   +            i - +0 cloak
rCorr   .            (no gloves)
SInv    +            (no boots)
Will    .....        (no amulet)
Stlth   ++           g - ring of poison resistance
HPRegen 0.29/turn    o - ring of see invisible
MPRegen 0.16/turn

%: no passive effects
@: heavily drained
A: horns 3, rugged brown scales 1, foul stench 2
a: Renounce Religion, Channel Magic


You were on level 8 of the Dungeon.
You worshipped Sif Muna.
Sif Muna was aware of your devotion.
You visited 2 branches of the dungeon, and saw 9 of its levels.
You also visited: Sewer.

You collected 293 gold pieces.
You spent 142 gold pieces at shops.

Inventory:

Hand Weapons
 b - a +0 dagger of venom
 n - a +1 dagger
Armour
 c - a +0 hat
 i - a +0 cloak (worn)
 q - the +0 robe of Zofoutz (worn) {rElec Str+7 Int+3 Dex-4}
   (You bought it in a shop on level 4 of the Dungeon)

   Str+7:     It affects your strength (+7).
   Int+3:     It affects your intelligence (+3).
   Dex-4:     It affects your dexterity (-4).
   rElec:     It insulates you from electricity.
Magical Staves
 a - a staff of air (weapon)
Jewellery
 g - a ring of poison resistance (left hand)
 o - a ring of see invisible (right hand)
 p - a +6 ring of dexterity
 s - a ring of resist corrosion
 y - a ring of protection from cold
Scrolls
 m - a scroll of silence
 t - a scroll of immolation
 v - a scroll of amnesia
 w - a scroll of vulnerability
Potions
 d - a potion of magic
 e - 3 potions of curing
 f - 3 potions of haste {unknown}
 h - a potion of cancellation {unknown}
 j - a potion of mutation {unknown}
 k - a potion of heal wounds
 l - a potion of resistance {unknown}
 r - 2 potions of enlightenment {unknown}
 u - a potion of lignification {unknown}
 x - a potion of ambrosia {unknown}
 A - a potion of attraction {unknown}


   Skills:
 + Level 3.6 Fighting
 - Level 3.0 Staves
 - Level 2.6 Dodging
 - Level 1.7 Stealth
 - Level 6.0 Spellcasting
 - Level 7.0 Conjurations
 - Level 2.0 Hexes
 - Level 4.0 Summonings
 - Level 2.0 Necromancy
 - Level 0.8 Translocations
 - Level 3.0 Air Magic
 - Level 3.0 Alchemy
 - Level 3.0 Evocations


You couldn't memorise any spells.
You knew the following spells:

 Your Spells              Type           Power      Damage    Failure   Level
a - Magic Dart            Conj           100%       1d8       1%          1
b - Searing Ray           Conj           74%        2d7       1%          2
m - Mephitic Cloud        Conj/Alch/Air  38%        N/A       4%          3
p - Fulminant Prism       Conj/Alch      14%        3d8       12%         4
s - Slow                  Hex            60%        N/A       4%          1
B - Blink                 Tloc           20%        N/A       10%         2
C - Call Canine Familiar  Summ           24%        N/A       5%          3
I - Call Imp              Summ           48%        N/A       2%          2
R - Cigotuvi's Dreadful   Necr/Alch/Air  54%        N/A       4%          2

Your spell library contained the following spells:

 Spells                   Type           Power      Damage    Failure   Level
 Summon Small Mammal      Summ           96%        N/A       1%          1
 Dazzling Flash           Conj/Hex       52%        N/A       4%          3
 Gell's Gravitas          Tloc           10%        N/A       19%         3
 Teleport Other           Tloc           10%        N/A       19%         3
 Summon Blazeheart Golem  Fire/Summ      15%        N/A       36%         4
 Silence                  Hex/Air        13%        N/A       65%         5
 Curse of Agony           Necr           15%        N/A       73%         5
 Dispersal                Tloc           5%         N/A       100%        6
 Chain Lightning          Conj/Air       21%        3d28      100%        9
 Fire Storm               Conj/Fire      11%        8d3       100%        9
 Shatter                  Erth           3%         3d7*      100%        9


Dungeon Overview and Level Annotations

Branches:
Dungeon (8/15)             Temple (1/1) D:7           Sewer (visited)
   Lair: D:8-11

Altars:
Cheibriados
Gozag
Hepliaklqana
Kikubaaqudgha
Makhleb
Nemelex Xobeh
Okawaru
Qazlal
Ru
Sif Muna
Trog
Uskayaw
Vehumet
Wu Jian
Xom
Yredelemnul

Shops:
D:4 *   D:6 *:

Annotations:
D:7 Joseph
D:8 Erica


Innate Abilities, Weirdness & Mutations

You have a pair of large horns on your head.
You are partially covered in rugged brown scales. (AC +1, +3% HP)
You sometimes emit foul miasma when damaged in melee.


Message History

You hit the two-headed ogre.
You headbutt the two-headed ogre, but do no damage.
The two-headed ogre is moderately wounded.
The two-headed ogre is no longer moving slowly.
The two-headed ogre hits you with a +0 giant club.
* * * LOW HITPOINT WARNING * * *
The two-headed ogre hits you with a +0 giant club!!
* * * LOW HITPOINT WARNING * * *
You emit a cloud of foul miasma!
Your fulminant prism explodes!
The blast of energy engulfs the two-headed ogre!
The two-headed ogre is heavily wounded.
Casting: Fulminant Prism (dangerous; 12% risk of failure)
Confirm with . or Enter, or press ? or * to list all spells.
You feel a surge of power!
A part of your flesh rots into a cloud of miasma!
You feel drained.
The two-headed ogre is engulfed in dark miasma.
The two-headed ogre looks even sicker.
The two-headed ogre seems to slow down.
The two-headed ogre attacks as it pursues you!
The two-headed ogre barely misses you. x2
Casting: Cigotuvi's Dreadful Rot (safe; 4% risk of failure)
Confirm with . or Enter, or press ? or * to list all spells.
Okay, then.
Unknown command.
Unknown command.
Casting: Cigotuvi's Dreadful Rot (safe; 4% risk of failure)
Confirm with . or Enter, or press ? or * to list all spells.
Aiming: Searing Ray (safe; 1% risk of failure)
Press: ? - help, Shift-Dir - straight line, f - two-headed ogre
Aim: a two-headed ogre, wielding two +0 giant clubs (foul pestilence, severely wounded, very poisoned, slow, 91% to hit)
The searing ray hits the two-headed ogre.
The two-headed ogre is severely wounded. (Press . to maintain the ray.)
The two-headed ogre is no longer moving slowly.
The two-headed ogre is engulfed in dark miasma.
The two-headed ogre looks as sick as possible!
The two-headed ogre seems to slow down.
The two-headed ogre closely misses you.
The two-headed ogre hits you with a +0 giant club!
You die...

..# #####..#
......### #.....$..
#.# # #.##.#
######### #....##
#.......####.....#
#.#.....@O○○.#...#
#.#.###.####......#
#.#.# #.# #.#..#.#
#.#.###.# #...###..
... #.......# ####.
## #.# ###.##### ..
#.# #.# ## #.####
#.# .....# #.###


You could see a two-headed ogre (extremely poisoned, slow).

Vanquished Creatures
  A steam dragon (D:6)
  A water moccasin (D:5)
  A black bear (D:6)
  2 orc warriors
  2 sky beasts
  An ogre (D:5)
  2 centaurs
  A phantom (D:4)
  2 kobold brigands
  2 gnoll sergeants
  A scorpion (D:4)
  3 bullfrogs
  5 wights
  A jelly (D:4)
  2 orc priests (D:7)
  2 hounds (D:5)
  An iguana (D:5)
  2 sleepcaps (D:6)
  4 orc wizards
  16 gnolls
  4 river rats (D:3)
  8 adders
  2 ufetubi (D:6)
  4 ribbon worms
  3 dart slugs
  15 orcs
  5 ball pythons
  19 endoplasms
  7 giant cockroaches
  17 goblins
  12 hobgoblins
  2 jackals (D:3)
  4 quokkas
  5 bats
  5 frilled lizards
  36 kobolds
  12 rats
  3 fulminant prisms (D:8)
215 creatures vanquished.

Vanquished Creatures (collateral kills)
  A water moccasin (D:7)
  2 ogres
  A hound (D:5)
  2 orcs (D:5)
  A kobold (Sewer)
7 creatures vanquished.

Vanquished Creatures (others)
  3 fulminant prisms (D:8)
3 creatures vanquished.

Grand Total: 225 creatures vanquished

Notes
Turn   | Place    | Note
-------+----------+-------------------------------------------
     0 | D:1      | Cheops the Demonspawn Hedge Wizard began the quest for the
                  | Orb.
     0 | D:1      | Reached XP level 1. HP: 13/13 MP: 4/4
     6 | D:1      | Noticed a komodo dragon
     6 | D:1      | Noticed a brain worm
     6 | D:1      | Noticed a ragged hierophant
     7 | D:1      | Noticed a hell rat
     7 | D:1      | Noticed a centaur
   188 | D:1      | Reached skill level 2 in Conjurations
   193 | D:1      | Gained mutation: You may rarely emit foul miasma when
                  | damaged in melee. [demonic ancestry]
   193 | D:1      | Reached XP level 2. HP: 7/19 MP: 0/6
   389 | D:1      | Learned a level 2 spell: Call Imp
   513 | D:1      | Reached skill level 3 in Conjurations
   513 | D:1      | Gained mutation: You have a pair of small horns on your
                  | head. [demonic ancestry]
   513 | D:1      | Reached XP level 3. HP: 10/24 MP: 1/7
   517 | D:1      | Learned a level 3 spell: Mephitic Cloud
  1331 | D:1      | Learned a level 2 spell: Blink
  1660 | D:2      | Reached XP level 4. HP: 30/30 MP: 2/8
  1662 | D:2      | Learned a level 1 spell: Slow
  1788 | D:2      | Reached skill level 4 in Conjurations
  2868 | D:3      | Reached skill level 1 in Air Magic
  2868 | D:3      | Reached skill level 1 in Alchemy
  2919 | D:3      | Reached XP level 5. HP: 35/35 MP: 4/9
  3042 | D:3      | Found a glowing drain.
  3050 | Sewer    | Entered a sewer
  3437 | Sewer    | Reached skill level 1 in Fighting
  3777 | D:3      | Gained mutation: You are partially covered in rugged brown
                  | scales. (AC +1, +3% HP) [demonic ancestry]
  3777 | D:3      | Reached XP level 6. HP: 37/44 MP: 3/10
  4697 | D:3      | Found an opulent altar of Gozag.
  4743 | D:3      | Found a hazy altar of Hepliaklqana.
  5141 | D:4      | Found Joten's Assorted Antiques.
  5748 | D:4      | Learned a level 3 spell: Call Canine Familiar
  5834 | D:4      | Found a sparkling altar of Nemelex Xobeh.
  5916 | D:4      | Noticed a sky beast
  5923 | D:4      | Killed a sky beast
  5924 | D:4      | Reached skill level 5 in Conjurations
  5924 | D:4      | Gained mutation: You sometimes emit foul miasma when
                  | damaged in melee. [demonic ancestry]
  5924 | D:4      | Reached XP level 7. HP: 40/49 MP: 6/13
  6221 | D:4      | Found an opulent altar of Gozag.
  6221 | D:4      | Found a shimmering blue altar of Sif Muna.
  6221 | D:4      | Found a stormy altar of Qazlal.
  6221 | D:4      | Found a radiant altar of Vehumet.
  6221 | D:4      | Found an ornate altar of the Wu Jian Council.
  6942 | D:4      | Learned a level 2 spell: Searing Ray
  6966 | D:5      | Entered Level 5 of the Dungeon
  7437 | D:5      | Reached skill level 6 in Conjurations
  7446 | D:5      | Reached skill level 1 in Hexes
  8038 | D:5      | Gained mutation: You have a pair of horns on your head.
                  | [demonic ancestry]
  8038 | D:5      | Reached XP level 8. HP: 55/55 MP: 12/14
  8328 | D:5      | Identified a scroll of acquirement
  8395 | D:4      | Bought a buzzing robe for 142 gold pieces
  8395 | D:4      | Identified the +0 robe of Zofoutz {rElec Str+7 Int+3 Dex-4}
                  | (You bought it in a shop on level 4 of the Dungeon)
  8406 | D:4      | Acquired a staff of air
  8524 | D:6      | Reached skill level 5 in Spellcasting
  8678 | D:6      | Learned a level 2 spell: Cigotuvi's Dreadful Rot
  8759 | D:6      | Found a bloodstained altar of Trog.
  8763 | D:6      | Found a shimmering blue altar of Sif Muna.
  8930 | D:6      | Reached skill level 1 in Necromancy
  8989 | D:6      | Found Gitisch's Self-Improvement Boutique.
  9044 | D:6      | Found Nullyps's Assorted Antiques.
  9151 | D:6      | Reached skill level 1 in Staves
  9151 | D:6      | Reached skill level 1 in Evocations
 10619 | D:7      | Gained mutation: You have a pair of large horns on your
                  | head. [demonic ancestry]
 10619 | D:7      | Reached XP level 9. HP: 45/64 MP: 5/17
 10962 | D:7      | Found a staircase to the Ecumenical Temple.
 10967 | Temple   | Entered the Ecumenical Temple
 11051 | D:6      | Became a worshipper of Sif Muna the Loreminder
 11385 | D:7      | Noticed a deep elf pyromancer
 11386 | D:7      | Noticed Joseph
 11410 | D:7      | HP: 3/64 [Joseph/sling bullet (10)]
 11738 | D:7      | Reached skill level 7 in Conjurations
 11905 | D:7      | Learned a level 4 spell: Fulminant Prism
 11979 | D:8      | Noticed Erica
 11996 | D:8      | Reached * piety under Sif Muna
 12270 | D:8      | Noticed a two-headed ogre
 12283 | D:8      | Slain by a two-headed ogre

Illustrated notes

Levels and vault maps discovered:
D:1:      onia_arrival_zoo_common, layout_rooms, nicolae_the_louvre
D:2:      layout_loops_ring, small_statue_intersection
D:3:      layout_basic, worldfamousw_hep_ancestral_shrine,
          mainiacjoe_overflow_alcove_4, lightli_sewer_entry_pipes
D:4:      cheibrodos_fertilizer, layout_basic, general_overflow_altar,
          serial_shops, shop_statue, minmay_misc_feat_cross
D:5:      layout_cave_pools, minmay_ogre_servants
D:6:      layout_basic, hellmonk_overflow_destroyed_library, serial_shops,
          kennysheep_little_box, st_stairs_4, nicolae_shop_self_help
D:7:      layout_cave_pools, chequers_temple_overflow_minitemple,
          temple_doors_e, minivault_11, minmay_tree_intersection,
          minmay_checkerbox, uniq_joseph, uniq_pikel
D:8:      layout_loops_corners, grunt_ministairs_3, nicolae_letterblocks
          [nicolae_letter_subblock, nicolae_letter_subblock,
          nicolae_letter_subblock, nicolae_letter_subblock,
          nicolae_letter_subblock, nicolae_letter_subblock,
          nicolae_letter_subblock, nicolae_letter_subblock,
          nicolae_letter_subblock, nicolae_letter_subblock,
          nicolae_letter_subblock, nicolae_letter_subblock,
          nicolae_letter_subblock, nicolae_letter_subblock,
          nicolae_letter_subblock, nicolae_letter_subblock,
          nicolae_letter_subblock, nicolae_letter_subblock,
          nicolae_letter_subblock, nicolae_letter_subblock,
          nicolae_letter_subblock, nicolae_letter_subblock,
          nicolae_letter_subblock, nicolae_letter_subblock,
          nicolae_letter_subblock], uniq_erica
Temple:   hellmonk_temple_of_storms

Skill      XL: |  1  2  3  4  5  6  7  8  9 |
---------------+----------------------------+-----
Conjurations   | 2 3 4 5 6 7 |  7.0
Summonings     | 2 4 |  4.0
Air Magic      | 1 2 3 |  3.0
Alchemy        | 1 2 3 |  3.0
Fighting       | 1 3 |  3.6
Dodging        | 2 |  2.6
Spellcasting   | 4 5 6 |  6.0
Hexes          | 2 |  2.0
Necromancy     | 2 |  2.0
Staves         | 2 3 |  3.0
Evocations     | 2 3 |  3.0
Stealth        | |  1.7
Translocations | |  0.8

Action                     |  1- 3 |  4- 6 |  7- 9 || total
---------------------------+-------+-------+-------++-------
  Melee: Dagger            |    41 |    64 |     5 ||   110
         Headbutt          |     4 |     7 |     2 ||    13
         Short sword       |       |     5 |       ||     5
         Staff             |       |       |    13 ||    13
   Cast: Magic Dart        |   103 |   233 |   122 ||   458
         Call Imp          |     1 |     3 |       ||     4
         Blink             |       |     1 |     1 ||     2
         Mephitic Cloud    |       |     1 |     6 ||     7
         Call Canine Famil |       |     1 |     9 ||    10
         Searing Ray       |       |       |    51 ||    51
         Cigotuvi's Dreadf |       |       |     6 ||     6
         Fulminant Prism   |       |       |     6 ||     6
    Use: Potion            |       |     4 |     2 ||     6
         Scroll            |       |     2 |     7 ||     9
 Armour: Robe              |    25 |   104 |   105 ||   234
  Dodge: Dodged            |    27 |    82 |    91 ||   200
